 Dungeon Crawl Stone Soup version 0.13-a0-2398-gfa67c8a (webtiles) character file.

1249 Grabo the Soul Tainter (level 7, -7/50 HPs)
             Began as a Demonspawn Death Knight on July 15, 2013.
             Was a Priest of Yredelemnul.
             Mangled by a wyvern (15 damage)
             ... on Level 6 of the Dungeon.
             The game lasted 00:16:49 (4481 turns).

Grabo the Soul Tainter (Demonspawn Death Knight)    Turns: 4481, Time: 00:16:49

HP  -7/50        AC  9     Str 13      XL: 7   Next: 92%
MP  17/17        EV 13     Int 15      God: Yredelemnul [***...]
Gold 287         SH  0     Dex 16      Spells:  0 memorised,  6 levels left

Res.Fire  : . . .   See Invis. : +   a - +0,+1 orc flail
Res.Cold  : . . .   Warding    : .   k - +0 orc scale mail
Life Prot.: . . .   Conserve   : .   (no shield)
Res.Poison: +       Res.Corr.  : .   G - +2 elf wizard hat
Res.Elec. : .       Clarity    : .   s - +0 cloak {rPois}
Sust.Abil.: . .     Spirit.Shd : .   (no gloves)
Res.Mut.  : .       Stasis     : .   (no boots)
Res.Rott. : .       Flight     : .   (no amulet)
Saprovore : . . .                    B - +2 ring of intelligence
                                     o - +5 ring of evasion

@: injury mirror, slightly resistant to hostile enchantments, extremely
unstealthy
A: horns 2, see invisible, berserk 1, powered by death 1, Dex +2
a: Animate Dead, Recall Undead Slaves, Injury Mirror, Renounce Religion


You were on level 6 of the Dungeon.
You worshipped Yredelemnul.
Yredelemnul was greatly pleased with you.
You were not hungry.

You visited 1 branch of the dungeon, and saw 6 of its levels.

You collected 267 gold pieces.

Inventory:

Hand weapons
 a - a +0,+1 orcish flail (weapon)
 b - a +0,+0 sling
 l - a +0,+0 dire flail
Missiles
 p - 14 sling bullets of frost
 x - 47 sling bullets
 D - 18 exploding sling bullets
Armour
 k - a +0 orcish scale mail (worn)
 s - a +0 cloak of poison resistance (worn)
 G - a +2 elven wizard hat (worn)
Magical devices
 I - a wand of fire (0)
Comestibles
 c - 4 bread rations
 d - a choko
 i - a chunk of ogre flesh
 j - 2 apples
 m - 4 meat rations
Scrolls
 f - a scroll of enchant weapon I
 q - 2 scrolls of remove curse
 v - 2 scrolls of teleportation
 w - a scroll of recharging {recharge, unknown}
 F - a scroll of noise
Jewellery
 o - a +5 ring of evasion (left hand)
 B - a +2 ring of intelligence (right hand)
Potions
 e - 3 potions of agility
 g - a potion of curing
 h - 2 potions of restore abilities
 n - a potion of might {unknown}
 r - a potion of slowing {unknown}
 A - 5 potions of speed
 C - a potion of heal wounds {unknown}
 E - 2 potions of invisibility {unknown}
 H - 2 potions of poison {unknown}


   Skills:
 - Level 2.0 Fighting
 * Level 7.0 Maces & Flails
 - Level 0.8 Armour
 - Level 0.8 Dodging
 + Level 7.8 Invocations


You had 6 spell levels left.
You didn't know any spells.

Dungeon Overview and Level Annotations

Branches:
Dungeon (6/27)
 Temple: D:4-7          Orc: D:6-11

Altars:
Nemelex Xobeh
Xom
Yredelemnul


Innate Abilities, Weirdness & Mutations

You have a pair of horns on your head.
You have a somewhat thin skeletal structure (Dex +2, Stlth).
You can steal the life force of nearby defeated enemies.
You have supernaturally acute eyesight.
You tend to lose your temper in combat.


Message History

The wyvern bites you.
You hit the wyvern.
The wyvern is heavily wounded.
The wyvern closely misses you. The wyvern bites you.
You hit the wyvern.
The wyvern is heavily wounded.
The wyvern barely misses you. The wyvern bites you!
* * * LOW HITPOINT WARNING * * *
You offer a prayer to Yredelemnul.
Yredelemnul is greatly pleased with you.
You offer a prayer to Yredelemnul.
Yredelemnul is greatly pleased with you.
Use which ability? (? or * to list)
You offer yourself to Yredelemnul, and fill with unholy energy.
The wyvern misses you.
You closely miss the wyvern.
The wyvern is heavily wounded.
The wyvern bites you!
You die...
Your body rises from the dead as a mindless zombie.

......# ### #......... .........#
#...##.....<... ..........#
#...##.........
...........####...###........
.............. +...# #.#######
.....%.......# #...# #.####...
....).........# #...# #....#.##
.............z#####'#######.#...
.............rD@................
...............#####.#######.##.#
...............# #.# #.##..
...............# #.# #.##.#
.....(........# #.# #.##.#
..............### #.# #.##.#
...............<# #.#######.##..
..............#####'##......##.#
.......................#....##..


You could see a wyvern, an adder zombie and a rat.

Vanquished Creatures
  The ghost of tanji the Chopper, an average HOSk (D:3)
  Edmund (D:6)
  2 sky beasts (D:5)
  An ogre (D:5)
  A manticore zombie (D:5)
  2 hounds
  An orc priest (D:3)
  A scorpion (D:6)
  An iguana (D:6)
  A worker ant (D:4)
  2 orc wizards (D:5)
  Jessica (D:2)
  A worker ant zombie (D:5)
  An adder (D:4)
  A giant mite (D:3)
  2 oozes
  12 orcs
  A ball python (D:3)
  13 hobgoblins
  14 kobolds
  2 quokkas
  7 bats
  3 giant newts
  6 goblins
  3 jackals (D:4)
  8 rats
89 creatures vanquished.

Vanquished Creatures (collateral kills)
  A worker ant (D:4)
  Crazy Yiuf (D:1)
  An orc (D:4)
  2 hobgoblins (D:2)
  A jackal (D:4)
  A bat (D:4)
  A goblin zombie (D:5)
  2 kobolds (D:4)
10 creatures vanquished.

Vanquished Creatures (others)
  A hobgoblin (D:6)
  A giant newt zombie (D:2)
  2 goblins
  A goblin zombie (D:1)
  A hobgoblin zombie (D:1)
  2 kobold zombies (D:1)
  An orc zombie (D:4)
9 creatures vanquished.

Grand Total: 108 creatures vanquished

Notes
Turn   | Place    | Note
--------------------------------------------------------------
     0 | D:1      | Grabo, the Demonspawn Death Knight, began the quest for the Orb.
     0 | D:1      | Reached XP level 1. HP: 16/16 MP: 2/2
   287 | D:1      | Gained mutation: You have a pair of small horns on your head. [demonic ancestry]
   287 | D:1      | Reached XP level 2. HP: 11/22 MP: 4/4
   422 | D:1      | Reached skill level 4 in Invocations
   939 | D:2      | Noticed Jessica
   965 | D:2      | Killed Jessica
   965 | D:2      | Gained mutation: You can steal the life force of nearby defeated enemies. [demonic ancestry]
   965 | D:2      | Reached XP level 3. HP: 17/27 MP: 6/6
  1059 | D:2      | Noticed Crazy Yiuf
  1117 | D:1      | Killed Crazy Yiuf
  1644 | D:3      | Reached XP level 4. HP: 31/34 MP: 8/8
  1651 | D:3      | Acquired Yredelemnul's second power
  1767 | D:3      | Noticed tanji's ghost (average HOSk)
  1787 | D:2      | Reached skill level 5 in Invocations
  1811 | D:3      | Killed tanji's ghost
  1811 | D:3      | Gained mutation: You have a somewhat thin skeletal structure (Dex +2, Stlth). [demonic ancestry]
  1811 | D:3      | Reached XP level 5. HP: 9/39 MP: 6/10
  2206 | D:4      | Reached XP level 6. HP: 45/45 MP: 12/12
  2349 | D:4      | Reached skill level 6 in Invocations
  2358 | D:4      | Reached skill level 5 in Maces & Flails
  2568 | D:4      | Found a basalt altar of Yredelemnul.
  2569 | D:4      | Found a shimmering altar of Xom.
  2797 | D:5      | Entered Level 5 of the Dungeon
  3516 | D:5      | Gained mutation: You have a pair of horns on your head. [demonic ancestry]
  3516 | D:5      | Reached XP level 7. HP: 34/50 MP: 16/16
  3523 | D:5      | Gained mutation: You tend to lose your temper in combat. [mutagenic meat]
  3731 | D:6      | Acquired Yredelemnul's third power
  3863 | D:6      | Reached skill level 7 in Invocations
  3986 | D:6      | Found a sparkling altar of Nemelex Xobeh.
  3986 | D:6      | Noticed a centaur warrior
  4020 | D:6      | Noticed Edmund
  4034 | D:6      | Killed Edmund
  4407 | D:5      | Gained mutation: You have supernaturally acute eyesight. [mutagenic meat]
  4463 | D:6      | Noticed a wyvern
  4481 | D:6      | Mangled by a wyvern

Action                   |  1- 3 |  4- 6 |  7- 9 || total
-------------------------+-------+-------+-------++-------
Melee: Mace              |   105 |    21 |       ||   126
       Flail             |       |   146 |    66 ||   212
 Fire: Sling             |       |    13 |       ||    13
Invok: Animate Remains   |    12 |    15 |       ||    27
       Injury Mirror     |       |       |     1 ||     1
       Recall Undead Sla |       |       |     1 ||     1
Evoke: Wand              |       |     1 |     3 ||     4
  Use: Scroll            |       |    15 |     2 ||    17
